 Dungeon Crawl Stone Soup version 0.27-a0-1384-g1422d76b99 (webtiles) character file.

Game seed: 6346629186661317790

614 HoaS the Magician (level 7, -2/45 HPs)
             Began as a Djinni Ice Elementalist on June 29, 2021.
             Slain by Grinder (6 damage)
             ... on level 4 of the Dungeon on June 30, 2021.
             The game lasted 00:21:11 (5150 turns).

HoaS the Magician (Djinni Ice Elementalist)         Turns: 5150, Time: 00:21:12

Health: -2/45      AC: 11    Str:  7    XL:     7   Next: 73%
Gold:   158        EV: 18    Int: 25    God:
                   SH:  0    Dex: 13

rFire    + + .     SeeInvis .   (no weapon)
rCold    x . .     Faith    .   (no shield)
rNeg     . . .     Spirit   .   a - +0 robe
rPois    ∞         Reflect  .   (no helmet)
rElec    .         Harm     .   e - +1 cloak
rCorr    .         Rampage  .   (no gloves)
Will     .....                  (boots unavailable)
Stlth    ++........             (no amulet)
HPRegen  0.15/turn              i - +6 ring of intelligence
MPRegen  0.00/turn              m - +4 ring of evasion

@: mighty, ice-armoured, flying
A: sickness immunity, fire resistance 2, cold vulnerability 1, float, innate
caster, hp casting, extra vitality 1
a: no special abilities


You were on level 4 of the Dungeon.
You visited 1 branch of the dungeon, and saw 4 of its levels.
You also visited: Sewer.

You collected 158 gold pieces.

Inventory:

Armour
 a - a +0 robe (worn)
 e - a +1 cloak (worn)
Jewellery
 i - a +6 ring of intelligence (left hand)
 m - a +4 ring of evasion (right hand)
Wands
 h - a wand of polymorph (5)
 k - a wand of flame (13)
Scrolls
 c - 2 scrolls of teleportation
 l - a scroll of silence {unknown}
Potions
 b - 2 potions of mutation
 d - 3 potions of curing
 f - 2 potions of resistance
 g - a potion of haste
 n - 2 potions of might
 o - 2 potions of magic {unknown}
 p - a potion of heal wounds {unknown}


   Skills:
 + Level 5.3 Dodging
 - Level 1.5 Stealth
 * Level 5.9 Spellcasting


You couldn't memorise any spells.
You knew the following spells:

 Your Spells              Type           Power      Damage    Failure   Level
a - Freeze                Ice            100%       1d11      1%          1
b - Frozen Ramparts       Ice            74%        1d9       1%          3
c - Ozocubu's Armour      Ice            37%        N/A       1%          3
d - Hailstorm             Conj/Ice       37%        3d9       6%          4
e - Metabolic Englaciati  Hex/Ice        18%        N/A       19%         5
f - Apportation           Tloc           74%        N/A       1%          1
g - Corpse Rot            Necr/Air       N/A        N/A       1%          2
h - Call Canine Familiar  Summ           37%        N/A       1%          3
Your spell library was empty.

Dungeon Overview and Level Annotations

Branches:
Dungeon (4/15)              Sewer (visited)
 Temple: D:4-7

Altars:
Qazlal

Shops:
D:1 *

Annotations:
D:4 Grinder


Innate Abilities, Weirdness & Mutations

You are immune to sickness and miasma.
You are immune to poison.
Your flesh is very heat resistant. (rF++)
You are vulnerable to cold. (rC-)
You float through the air rather than walking.
You learn spells naturally, not from books.
Your magical power is your life essence.
You have superior vitality. (+4 HP)


Message History

Press: ? - help, Shift-Dir - straight line, f/p - Grinder
Aim: Grinder (heavily wounded)
You freeze Grinder but do no damage.
Grinder completely resists.
* * * LOW HITPOINT WARNING * * *
Grinder resists.
The wall freezes Grinder.
Grinder completely misses you.
Grinder resists.
The wall freezes Grinder.
Grinder blinks!
Grinder gestures at you.
You suddenly lose the ability to move!
Grinder blinks!
Grinder says, "I used to sell toenails on the black market."
You can move again.
The frozen ramparts melt away.
You feel better.
Casting: Freeze (safe; 1% risk of failure)
Confirm with . or Enter, or press ? or * to list all spells.
Aiming: Freeze (safe; 1% risk of failure)
Press: ? - help, Shift-Dir - straight line, f/p - Grinder
Aim: Grinder (heavily wounded)
You freeze Grinder but do no damage.
Grinder completely resists.
* * * LOW HITPOINT WARNING * * *
Grinder says, "There's only one good use for a tongue: cutting it out."
Grinder gestures at you.
You suddenly lose the ability to move!
Grinder hits you but does no damage.
You can move again.
Casting: Freeze (safe; 1% risk of failure)
Confirm with . or Enter, or press ? or * to list all spells.
* * * LOW HITPOINT WARNING * * *
Grinder misses you.
Unknown command.
Casting: Call Canine Familiar (safe; 1% risk of failure)
Confirm with . or Enter, or press ? or * to list all spells.
Aiming: Freeze (safe; 1% risk of failure)
Press: ? - help, Shift-Dir - straight line, f/p - Grinder
Aim: Grinder (heavily wounded, ally target)
You freeze Grinder but do no damage.
Grinder completely resists.
* * * LOW HITPOINT WARNING * * *
Your wolf bites Grinder but does no damage.
Grinder hits you.
You die...

.....#.# #..........*
.......#####..........*
#####.................*
#.>..........####**
##...........#
###.......###
******#######.###
**,,,,,,,* #...#
,*,,,,,,,* ###@#
,*,,,,,,,*######5####
,+,,,,,,,+......†h..#
,*,,,,,,,#####......#
,*,,,,,,,* #......#
,*,,,,,,,* #......#
**,,,,,,,* #......#
*,,,,,,,* #......#
********* #......#


You could see Grinder (ally target) and a friendly wolf (summoned).

Vanquished Creatures
  Sigmund (D:2)
  Edmund (D:4)
  2 orc priests (D:3)
  An iguana (D:4)
  2 orc wizards (D:3)
  6 adders
  A river rat (D:4)
  An adder skeleton (D:4)
  5 orcs (D:3)
  8 endoplasms
  4 giant cockroaches
  11 goblins
  11 hobgoblins
  7 jackals
  A quokka (D:1)
  8 ball pythons
  6 bats
  8 frilled lizards
  11 kobolds
  2 rats
97 creatures vanquished.

Vanquished Creatures (collateral kills)
  A bullfrog skeleton (D:3)
  A hound skeleton (D:4)
  A worm (D:4)
  2 orcs (D:3)
  4 ball pythons
  An endoplasm (D:3)
  3 jackals
  3 kobolds
16 creatures vanquished.

Vanquished Creatures (others)
  5 plants (Sewer)
5 creatures vanquished.

Grand Total: 118 creatures vanquished

Notes
Turn   | Place    | Note
-------+----------+-------------------------------------------
     0 | D:1      | HoaS the Djinni Ice Elementalist began the quest for the
                  | Orb.
     0 | D:1      | Reached XP level 1. HP: 15/15 MP: 0/0
   490 | D:1      | Reached XP level 2. HP: 14/21 MP: 0/0
   805 | D:1      | Found Ipsi's General Store.
  1016 | D:1      | Reached XP level 3. HP: 13/25 MP: 0/0
  1016 | D:1      | Learned a level 1 spell: Apportation
  1388 | D:2      | Noticed Sigmund
  1671 | D:2      | Reached XP level 4. HP: 21/31 MP: 0/0
  1894 | D:2      | Upgraded the game from 0.27-a0-1378-gdefffd1ff6 to
                  | 0.27-a0-1384-g1422d76b99
  1935 | D:2      | Found a faded altar of an unknown god.
  2027 | D:2      | Killed Sigmund
  2028 | D:2      | Reached XP level 5. HP: 8/35 MP: 0/0
  2028 | D:2      | Learned a level 2 spell: Corpse Rot
  2028 | D:2      | Reached XP level 6. HP: 9/40 MP: 0/0
  2825 | D:3      | Reached skill level 5 in Spellcasting
  3432 | D:3      | Reached XP level 7. HP: 23/45 MP: 0/0
  3432 | D:3      | Learned a level 3 spell: Call Canine Familiar
  4163 | D:4      | Found a glowing drain.
  4202 | D:4      | Found a stormy altar of Qazlal.
  4214 | D:4      | Noticed Edmund
  4231 | D:4      | Killed Edmund
  4232 | D:4      | Reached skill level 5 in Dodging
  4389 | Sewer    | Entered a sewer
  5105 | D:4      | Noticed Grinder
  5138 | D:4      | Paralysed by Grinder for 6 turns
  5147 | D:4      | Paralysed by Grinder for 2 turns
  5150 | D:4      | Slain by Grinder

Illustrated notes

Levels and vault maps discovered:
D:1:      amcnicky_arrival_abandoned_market, layout_loops_cross, serial_shops,
          shop
D:2:      kennysheep_big_flooded_room, layout_basic,
          shapermc_ecumenical_altar_hornbeckon, uniq_sigmund
D:3:      cheibrodos_greedy_goblins, layout_basic, minmay_quantized
D:4:      layout_basic, lemuel_crystal_altar, cheibrodos_sewer_entry_sluice,
          uniq_edmund, uniq_grinder

Skill      XL: |  1  2  3  4  5  6  7 |
---------------+----------------------+-----
Dodging        | 3 4 5 |  5.3
Spellcasting   | 4 5 |  5.9
Stealth        | |  1.5

Action                   |  1- 3 |  4- 6 |  7- 9 || total
-------------------------+-------+-------+-------++-------
Melee: Unarmed           |     4 |     3 |       ||     7
       Scythe            |       |    14 |    26 ||    40
 Cast: Freeze            |    46 |    52 |    59 ||   157
       Call Canine Famil |       |       |    13 ||    13
       Ozocubu's Armour  |       |       |     3 ||     3
       Frozen Ramparts   |       |       |     3 ||     3
  Use: Scroll            |       |     5 |     7 ||    12
       Potion            |       |       |     2 ||     2
 Stab: Sleeping          |     1 |     2 |     4 ||     7
       Distracted        |       |       |     1 ||     1
Armor: Robe              |    12 |    10 |    12 ||    34
Dodge: Dodged            |    27 |    35 |    62 ||   124

Table legend: (Time is in decaauts)
 A = Elapsed time spent in this place.
 B = Non-inter-level travel time spent in this place.
 C = Inter-level travel time spent in this place.
 D = Time resting spent in this place.
 E = Time spent auto-exploring this place.
 F = Levels seen in this place.
 G = Mean time per level.
                   A        B        C        D        E       F      G
               +--------+--------+--------+--------+--------+-----+--------+
         Total |   5198 |   5016 |    182 |   2109 |   2114 |   5 | 1039.6 |
       Dungeon |   4647 |   4465 |    182 |   2034 |   1750 |   4 | 1161.8 |
         Sewer |    550 |    550 |      0 |     75 |    364 |   1 |  550.0 |
               +--------+--------+--------+--------+--------+-----+--------+

Top non-repeatable levels by time:
     D:1: 1831 daAuts
     D:3: 1387 daAuts
     D:2: 941 daAuts
   Sewer: 550 daAuts
     D:4: 487 daAuts
